 Dungeon Sprint DCSS version 0.29-a0-319-gad05b8d819 (webtiles) character file.

Game seed: 6279742506373363382

7100000 BigDaddyOpFi the Archmage (level 18, -27/109 HPs)
             Began as a Felid Hedge Wizard on Apr 1, 2022.
             Annihilated by a large bag of meat
             ... wielding a +9 giant spiked club
              (68 damage)
             ... in the Dungeon (Sprint VIII: "Arena of Blood").
             The game lasted 00:03:10 (71 turns).

BigDaddyOpFi the Archmage (Felid Hedge Wizard)        Turns: 71, Time: 00:03:11

Health: -27/109    AC:  3    Str: 12    XL:     18   Next: 16%
Magic:  50/50      EV: 39    Int: 15    God:
Gold:   0          SH:  0    Dex: 18    Spells: 70/71 levels left
                                        Lives:  0   Deaths: 5

rFire   . . .      SeeInvis +     - Unarmed
rCold   + . .      Faith    .   (shield unavailable)
rNeg    . . .      Spirit   .   (body armour unavailable)
rPois   .          Reflect  .   (helmet unavailable)
rElec   .          Harm     .   (cloak unavailable)
rCorr   .          Rampage  .   (gloves unavailable)
Will    ++...      NoTele   +   (boots unavailable)
Stlth   ++++++++++              (no amulet)
HPRegen 0.28/turn               g - +27000 ring of slaying
MPRegen 0.32/turn               f - +200 ring of slaying

@: quick
A: very small, claws 1, fangs 3, see invisible, speed 1, shaggy fur 3, stealthy
paws, no weapons or thrown items, no armour, multi-lived
a: no special abilities


You were in the Dungeon.
You visited 1 branch

Inventory:

Jewellery
 f - a +200 ring of slaying (right paw)
 g - a +27000 ring of slaying (left paw)
Potions
 a - 3 potions of magic
 b - a potion of curing
 d - a potion of haste
 e - a potion of berserk rage


   Skills:
 O Level 27 Fighting
 O Level 27 Dodging
 O Level 27 Stealth
 O Level 27 Unarmed Combat
 O Level 27 Spellcasting
 O Level 27 Conjurations
 + Level 13.9 Hexes
 O Level 27 Summonings
 + Level 10.0 Necromancy
 O Level 27 Translocations
 + Level 10.9 Transmutations
 + Level 9.2 Fire Magic
 + Level 9.2 Ice Magic
 + Level 9.2 Air Magic
 + Level 9.2 Earth Magic
 + Level 9.2 Poison Magic
 + Level 10.0 Invocations
 + Level 10.9 Evocations


You had 70 spell levels left.
You knew the following spells:

 Your Spells              Type           Power      Damage    Failure   Level
a - Magic Dart            Conj           100%       1d8       0%          1

Your spell library contained the following spells:

 Spells                   Type           Power      Damage    Failure   Level
 Slow                     Hex            100%       N/A       0%          1
 Blink                    Tloc           100%       N/A       0%          2
 Call Imp                 Summ           79%        N/A       0%          2
 Conjure Flame            Conj/Fire      65%        6-21      0%          3
 Mephitic Cloud           Conj/Pois/Air  60%        N/A       0%          3


Dungeon Overview and Level Annotations

Branches:
Dungeon (1/1)

Altars:
Makhleb


Innate Abilities, Weirdness & Mutations

You have sharp claws.
You have razor-sharp teeth.
You have supernaturally acute eyesight. (SInv)
You cover ground quickly. (Speed+)
Your thick and shaggy fur keeps you warm. (AC +3, rC+)
Your paws help you pounce on unaware monsters.
You are incapable of wielding weapons or throwing items.
You cannot wear armour.
You gain extra lives every three experience levels.


Message History

You eviscerate the tyrant!!!!!!!!!!
You destroy the tyrant!
The meat beast bites you. The meat beast tramples you!
You stumble backwards!
You hear a shout! x5
The meat beast bites you! The meat beast completely misses you.
You hear a shout!
The accursed points at you and mumbles some strange words.
Something smites you!
Your Conjurations skill gained 2 levels and is now at level 25!
Your Summonings skill increases to level 26!
Unknown command.
You eviscerate the meat beast!!!!!!!!!!!
You kill the meat beast!
You hear a shout! x7
You have mastered Conjurations!
You have mastered Summonings!
Welcome back to level 17!
Unknown command.
Unknown command.
You eviscerate the meat berserker!!!!!!!!!!!
You kill the meat berserker!
You hear a shout! x6
The destroyer points at you and mumbles some strange words.
The destroyer blinks!
You hear a shout! x5
Your Hexes skill gained 13 levels and is now at level 13!
Your Necromancy skill gained 10 levels and is now at level 10!
Your Transmutations skill gained 10 levels and is now at level 10!
Your Fire Magic skill gained 9 levels and is now at level 9!
Your Ice Magic skill gained 9 levels and is now at level 9!
Your Air Magic skill gained 9 levels and is now at level 9!
Your Earth Magic skill gained 9 levels and is now at level 9!
Your Poison Magic skill gained 9 levels and is now at level 9!
Your Invocations skill gained 10 levels and is now at level 10!
Your Evocations skill gained 10 levels and is now at level 10!
You have reached level 18!
You eviscerate the bag of meat!!!!!!!!!!!
You kill the bag of meat!
The large bag of meat hits you with a +9 giant spiked club!!!
Ouch! That really hurt!
You die...

...#o....
#....#.... .o#...
#....#.... ..
#...M..... .#
#o..o..... .
#o...O.... .
#o.ooo.... .
#oOo..o..# ....
#@OooOo...# ....
#VO###o..#.# #....
#.ooo# .o.#L#VW...
#..)oo# .oo....§..
#....o.o##.o.§oo.#
####..o§.##VVVoO.o
####...oO†####§
####..ooDo..
####.....


You could see an accursed, a destroyer, 2 large bags of meat, 3 meat berserkers
and 22 bags of meat.

Vanquished Creatures
  A hell beast (D)
  A royal mummy (D)
  4 vampire knights (D)
  12 ogres (D)
  A lich (D)
  10 orcs (D)
  A skeletal warrior (D)
30 creatures vanquished.

Notes
Turn   | Place    | Note
-------+----------+-------------------------------------------
     0 | D        | BigDaddyOpFi the Felid Hedge Wizard began the quest for the
                  | Orb.
     0 | D        | Reached XP level 1. HP: 7/7 MP: 5/5
     1 | D        | Noticed a meat berserker
     2 | D        | Noticed a bag of meat
     3 | D        | Killed a meat berserker
     3 | D        | Noticed a bag of meat
     4 | D        | Reached skill level 15 in Dodging
     4 | D        | Reached XP level 2. HP: 11/11 MP: 5/26
     4 | D        | Reached XP level 3. HP: 14/14 MP: 5/28
     4 | D        | Reached XP level 4. HP: 18/18 MP: 5/29
     4 | D        | Reached XP level 5. HP: 21/21 MP: 5/31
     4 | D        | Gained mutation: You are covered in thick fur. (AC +2)
                  | [Felid growth]
     4 | D        | Reached XP level 6. HP: 24/24 MP: 5/32
     4 | D        | Reached XP level 7. HP: 27/27 MP: 5/34
     4 | D        | Reached XP level 8. HP: 31/31 MP: 5/35
     4 | D        | Reached XP level 9. HP: 34/34 MP: 5/36
     4 | D        | Reached XP level 10. HP: 37/37 MP: 5/37
     4 | D        | Reached XP level 11. HP: 40/40 MP: 5/38
     4 | D        | Noticed a meat berserker
     5 | D        | Noticed a meat berserker
     7 | D        | Noticed a meat berserker
     8 | D        | Noticed a bag of meat
     8 | D        | Noticed a bag of meat
     8 | D        | Noticed a meat berserker
     9 | D        | Noticed a bag of meat
     9 | D        | Noticed a meat berserker
     9 | D        | Noticed a meat berserker
     9 | D        | Noticed a meat berserker
     9 | D        | Noticed a bag of meat
    10 | D        | Noticed a meat berserker
    10 | D        | Noticed a bag of meat
    10 | D        | Noticed a bag of meat
    10 | D        | Noticed a bag of meat
    11 | D        | Noticed a bag of meat
    11 | D        | Killed a meat berserker
    11 | D        | Noticed a bag of meat
    11 | D        | Noticed a bag of meat
    12 | D        | Reached skill level 15 in Stealth
    12 | D        | Reached skill level 5 in Translocations
    12 | D        | Gained mutation: Your thick and shaggy fur keeps you warm.
                  | (AC +3, rC+) [Felid growth]
    12 | D        | Reached XP level 12. HP: 17/44 MP: 6/43
    12 | D        | Reached XP level 13. HP: 19/47 MP: 6/44
    12 | D        | Killed a meat berserker
    12 | D        | Annihilated by a meat berserker
    12 | D        | Noticed a bag of meat
    12 | D        | Noticed a bag of meat
    12 | D        | Noticed a bag of meat
    13 | D        | Reached XP level 12. HP: -50/44 MP: 6/43
    13 | D        | Reached skill level 27 in Spellcasting
    13 | D        | Reached XP level 13. HP: 47/47 MP: 43/45
    14 | D        | Noticed a bag of meat
    14 | D        | Noticed a bag of meat
    14 | D        | Noticed a bag of meat
    15 | D        | Noticed a meat berserker
    15 | D        | Noticed a bag of meat
    15 | D        | Noticed a bag of meat
    15 | D        | Noticed a bag of meat
    16 | D        | Noticed a bag of meat
    16 | D        | Noticed a bag of meat
    16 | D        | Noticed a bag of meat
    16 | D        | Noticed a bag of meat
    16 | D        | Noticed a bag of meat
    16 | D        | Noticed a bag of meat
    16 | D        | Noticed a large bag of meat
    17 | D        | Noticed a bag of meat
    17 | D        | Noticed a bag of meat
    17 | D        | Noticed a bag of meat
    17 | D        | Noticed a bag of meat
    17 | D        | Noticed a bag of meat
    17 | D        | Noticed a bag of meat
    17 | D        | Noticed a bag of meat
    18 | D        | Noticed a bag of meat
    18 | D        | Noticed a meat berserker
    19 | D        | Noticed a bag of meat
    19 | D        | Noticed a bag of meat
    19 | D        | Noticed a large bag of meat
    20 | D        | Killed a meat berserker
    20 | D        | Noticed a meat berserker
    20 | D        | Noticed a meat berserker
    20 | D        | Noticed a bag of meat
    20 | D        | Noticed a bag of meat
    21 | D        | Reached skill level 5 in Summonings
    21 | D        | Killed a bag of meat
    21 | D        | Noticed a large bag of meat
    21 | D        | Noticed a bag of meat
    22 | D        | Reached skill level 1 in Fighting
    22 | D        | Reached skill level 10 in Unarmed Combat
    22 | D        | Reached XP level 14. HP: 24/52 MP: 46/46
    22 | D        | Noticed a large bag of meat
    22 | D        | Noticed a meat berserker
    22 | D        | Noticed a meat berserker
    22 | D        | Noticed a meat berserker
    22 | D        | Noticed a destroyer
    23 | D        | Killed a bag of meat
    23 | D        | Noticed a bag of meat
    23 | D        | Noticed a bag of meat
    24 | D        | Reached skill level 27 in Dodging
    24 | D        | Reached skill level 5 in Conjurations
    24 | D        | Noticed a bag of meat
    25 | D        | Noticed a bag of meat
    25 | D        | Noticed a meat berserker
    25 | D        | Noticed a bag of meat
    25 | D        | Noticed a bag of meat
    25 | D        | Noticed a meat berserker
    25 | D        | Noticed a bag of meat
    25 | D        | Noticed a bag of meat
    25 | D        | Noticed a bag of meat
    25 | D        | Demolished by a meat berserker
    25 | D        | Noticed a meat berserker
    26 | D        | Reached XP level 13. HP: -21/51 MP: 45/45
    26 | D        | Noticed a bag of meat
    26 | D        | Noticed a meat berserker
    26 | D        | Noticed a meat berserker
    26 | D        | Noticed a large bag of meat
    27 | D        | Killed a meat berserker
    27 | D        | Noticed a destroyer
    28 | D        | Reached skill level 15 in Unarmed Combat
    28 | D        | Reached XP level 14. HP: 57/57 MP: 46/46
    28 | D        | Noticed a meat berserker
    29 | D        | Noticed a destroyer
    29 | D        | Noticed a meat berserker
    30 | D        | Noticed a destroyer
    31 | D        | Killed a meat berserker
    32 | D        | Reached skill level 27 in Stealth
    32 | D        | Reached skill level 10 in Translocations
    32 | D        | Killed a bag of meat
    33 | D        | Killed a destroyer
    33 | D        | Mangled by a meat berserker
    34 | D        | Reached XP level 13. HP: -11/57 MP: 45/45
    34 | D        | Reached XP level 14. HP: 64/64 MP: 46/46
    34 | D        | Noticed a bag of meat
    34 | D        | Noticed a bag of meat
    34 | D        | Noticed a bag of meat
    34 | D        | Noticed a meat berserker
    34 | D        | Noticed a destroyer
    34 | D        | Noticed an eight-headed meat hydra
    34 | D        | Noticed a bag of meat
    34 | D        | Noticed a destroyer
    34 | D        | Noticed a bag of meat
    34 | D        | Noticed a bag of meat
    35 | D        | Noticed a meat berserker
    35 | D        | Noticed a bag of meat
    35 | D        | Noticed a bag of meat
    36 | D        | Noticed a meat berserker
    37 | D        | Noticed a destroyer
    38 | D        | Killed a meat berserker
    38 | D        | Noticed a destroyer
    38 | D        | Noticed a bag of meat
    38 | D        | Noticed a bag of meat
    39 | D        | Noticed a bag of meat
    39 | D        | Noticed a bag of meat
    40 | D        | Killed a destroyer
    41 | D        | Reached skill level 27 in Unarmed Combat
    41 | D        | Reached skill level 10 in Conjurations
    41 | D        | Reached XP level 15. HP: 11/73 MP: 47/47
    41 | D        | Noticed a sculptor of flesh
    43 | D        | Reached skill level 15 in Translocations
    43 | D        | Killed a destroyer
    44 | D        | HP: 4/80 [??? (1)]
    45 | D        | Annihilated by a destroyer
    45 | D        | Noticed a destroyer
    46 | D        | Reached XP level 14. HP: -68/76 MP: 46/46
    46 | D        | Noticed an accursed
    47 | D        | Killed an accursed
    47 | D        | Noticed a bag of meat
    48 | D        | Reached XP level 15. HP: 79/87 MP: 47/47
    48 | D        | Noticed a meat berserker
    51 | D        | Noticed a meat berserker
    51 | D        | Noticed a sculptor of flesh
    52 | D        | Killed a sculptor of flesh
    53 | D        | Killed a meat berserker
    54 | D        | Reached XP level 16. HP: 46/95 MP: 48/48
    54 | D        | Killed a destroyer
    54 | D        | Noticed a destroyer
    56 | D        | Noticed a destroyer
    58 | D        | Noticed a meat berserker
    59 | D        | Reached skill level 27 in Fighting
    59 | D        | Killed a meat berserker
    59 | D        | Noticed a tyrant
    60 | D        | Reached skill level 27 in Translocations
    60 | D        | Reached XP level 17. HP: 22/104 MP: 49/49
    60 | D        | Noticed a dread
    61 | D        | Killed a meat berserker
    61 | D        | Noticed a large bag of meat
    63 | D        | Annihilated by a destroyer
    64 | D        | Reached XP level 16. HP: -146/100 MP: 48/48
    64 | D        | Noticed a meat berserker
    64 | D        | Killed a meat berserker
    66 | D        | Noticed a meat berserker
    66 | D        | Noticed a large bag of meat
    66 | D        | Noticed a meat berserker
    66 | D        | Noticed a tyrant
    66 | D        | Noticed a meat berserker
    66 | D        | Noticed an accursed
    66 | D        | Noticed a meat berserker
    67 | D        | Noticed a meat beast
    68 | D        | Killed a tyrant
    69 | D        | Killed a meat beast
    70 | D        | Reached skill level 27 in Conjurations
    70 | D        | Reached skill level 27 in Summonings
    70 | D        | Reached XP level 17. HP: 39/104 MP: 49/49
    70 | D        | Killed a meat berserker
    71 | D        | Reached skill level 10 in Necromancy
    71 | D        | Reached skill level 10 in Transmutations
    71 | D        | Reached skill level 10 in Invocations
    71 | D        | Reached skill level 10 in Evocations
    71 | D        | Reached XP level 18. HP: 41/109 MP: 50/50
    71 | D        | Annihilated by a large bag of meat

Illustrated notes

Levels and vault maps discovered:
D:        meatsprint

Skill      XL: |  1  2  3  4  5  6  7  8  9 10 11 12 13 14 15 16 17 |
---------------+----------------------------------------------------+-----
Dodging        | 15 17 21 26 27 | 27.0
Stealth        | 13 15 18 26 27 | 27.0
Unarmed Combat | 2 3 6 24 27 | 27.0
Spellcasting   | 22 26 27 | 27.0
Conjurations   | 2 3 8 16 17 27 21 | 27.0
Summonings     | 3 4 9 17 18 27 23 | 27.0
Translocations | 4 5 12 22 24 27 | 27.0
Fighting       | 9 21 24 27 | 27.0
Hexes          | 13 | 13.9
Necromancy     | 10 | 10.0
Transmutations | 10 | 10.9
Fire Magic     | 9 |  9.2
Ice Magic      | 9 |  9.2
Air Magic      | 9 |  9.2
Earth Magic    | 9 |  9.2
Poison Magic   | 9 |  9.2
Invocations    | 10 | 10.0
Evocations     | 10 | 10.9

Action                   |  1- 3 |  4- 6 |  7- 9 | 10-12 | 13-15 | 16-18 || total
-------------------------+-------+-------+-------+-------+-------+-------++-------
Melee: Unarmed           |     1 |       |       |     1 |    17 |    13 ||    32
  Use: Scroll            |       |       |       |       |     1 |       ||     1
       Potion            |       |       |       |       |       |     1 ||     1
Dodge: Dodged            |       |       |       |       |     8 |     4 ||    12

Table legend: (Time is in decaauts)
 A = Elapsed time spent in this place.
 B = Non-inter-level travel time spent in this place.
 C = Inter-level travel time spent in this place.
 D = Time resting spent in this place.
 E = Time spent auto-exploring this place.
 F = Levels seen in this place.
 G = Mean time per level.
                   A        B        C        D        E       F      G
               +--------+--------+--------+--------+--------+-----+--------+
         Total |     51 |     51 |      0 |      0 |      0 |   1 |   51.0 |
       Dungeon |     51 |     51 |      0 |      0 |      0 |   1 |   51.0 |
               +--------+--------+--------+--------+--------+-----+--------+

Top non-repeatable levels by time:
       D: 51 daAuts
